 Dungeon Crawl Stone Soup version 0.30.1-4-g462c640d31 (webtiles) character file.

Game seed: 3187943045815066724

375 BenjaminTheWorst the Chopper (level 6, -2/53 HPs)
             Began as a Minotaur Berserker on Sept 7, 2023.
             Was a Priest of Trog.
             Slain by a gnoll bouda
             ... wielding a +0 whip
              (5 damage)
             ... on level 5 of the Dungeon.
             The game lasted 00:15:06 (3029 turns).

BenjaminTheWorst the Chopper (Minotaur Berserker)   Turns: 3029, Time: 00:15:09

Health: -2/53      AC:  5    Str: 23    XL:     6   Next: 44%
Magic:  4/4        EV: 12    Int:  3    God:    Trog [***...]
Gold:   177        SH:  0    Dex: 13    Spells: 5/5 levels left

rFire   . . .        q - +0 halberd
rCold   . . .        (shield currently unavailable)
rNeg    . . .        c - +0 ring mail
rPois   .            (helmet unavailable)
rElec   .            (no cloak)
rCorr   .            (no gloves)
SInv    .            (no boots)
Will    .....        (no amulet)
Stlth   +            (no ring)
HPRegen 0.28/turn    (no ring)
MPRegen 0.09/turn

%: no passive effects
@: on berserk cooldown
A: horns 3, retaliatory headbutt, iridescent scales 1, agile 1, deformed body,
low MP 1
a: Renounce Religion, Berserk, Trog's Hand


You were on level 5 of the Dungeon.
You worshipped Trog.
Trog was most pleased with you.
You visited 1 branch of the dungeon, and saw 5 of its levels.

You collected 232 gold pieces.
You spent 55 gold pieces at shops.

Inventory:

Hand Weapons
 a - a +0 hand axe
 q - a +0 halberd (weapon)
Missiles
 e - 29 stones (quivered)
Armour
 b - a +0 animal skin
 c - a +0 ring mail (worn)
Jewellery
 s - a +5 ring of evasion
Scrolls
 g - 6 scrolls of identify
 j - a scroll of blinking {unknown}
 n - a scroll of poison
 o - a scroll of vulnerability
 r - 2 scrolls of teleportation {unknown}
 t - a scroll of enchant weapon {unknown}
Potions
 d - 2 potions of mutation
 i - 3 potions of degeneration {unknown}
 k - a potion of might {unknown}
 l - a potion of brilliance {unknown}
 m - 2 potions of attraction
 u - a potion of ambrosia {unknown}


   Skills:
 + Level 4.7 Fighting
 + Level 6.1(6.2) Axes
 + Level 1.2(4.0) Polearms
 + Level 4.8 Armour
 + Level 3.4 Dodging
 + Level 0.2 Stealth


You had 5 spell levels left.
You didn't know any spells.
Your spell library was empty.

Dungeon Overview and Level Annotations

Branches:
Dungeon (5/15)
 Temple: D:4-7

Altars:
Elyvilon

Shops:
D:1 *   D:3 *


Innate Abilities, Weirdness & Mutations

You have a pair of large horns on your head.
You reflexively headbutt those who attack you in melee.
You are partially covered in iridescent scales. (AC +2)
You are agile. (Dex +4, Str/Int -1)
Armour fits poorly on your strangely shaped body.
Your magical capacity is low. (-10% MP)


Message History

The gnoll closely misses you.
The gnoll hits you from afar with a +0 spear.
The orc closely misses you. x2; The gnoll closely misses you.
Unknown command.
Magic scrolls do not work when you're silenced!
You slash the gnoll bouda! Your headbutt misses the gnoll bouda.
The gnoll bouda is moderately wounded.
Your attacks no longer feel as feeble.
The gnoll is no longer moving quickly.
The gnoll hits you from afar with a +0 spear.
The orc closely misses you. The orc completely misses you.
You furiously retaliate!
You headbutt the orc.
You kill the orc!
Trog accepts your kill. The gnoll bouda completely misses you.
The gnoll hits you from afar with a +0 spear. x2
The orc barely misses you. You furiously retaliate!
You headbutt the orc!
You kill the orc!
Trog accepts your kill.
The gnoll bouda hits you with a +0 whip.
The gnoll hits you from afar with a +0 spear!
* * * LOW HITPOINT WARNING * * *
Magic scrolls do not work when you're silenced!
You barely miss the gnoll bouda.
The gnoll bouda is moderately wounded.
The gnoll hits you from afar with a +0 spear.
* * * LOW HITPOINT WARNING * * *
The gnoll bouda barely misses you.
The gnoll hits you from afar with a +0 spear.
* * * LOW HITPOINT WARNING * * *
The gnoll barely misses you. The gnoll bouda closely misses you.
You furiously retaliate!
You headbutt the gnoll bouda.
It was a potion of cancellation.
Your magical effects are unravelling.
You feel magically purged.
You feel yourself speed up.
Your hearing returns.
You feel your willpower return.
The gnoll hits you but does no damage. x2
The gnoll bouda hits you with a +0 whip.
You die...

...?.#....
#####○°§☼§#§#
.§°°○☼☼☼§§°#
#§☼§○§§§§○.
#°°§°§§○#
#○§°§°☼°# #§☼§○§#
§######○○☼☼§###
§○○§§§)@§☼○°§§§..
#○#§#g)g☼§○§☼####
..o§○g.°§§§☼§#
#○#☼#§§☼☼○§○##
.☼°.°☼§°○☼○##
#§#°#°§#####
§.○§§§☼ #☼☼#○##


You could see a gnoll bouda (weak-willed), 2 gnolls and an orc (weak-willed).

Vanquished Creatures
  A wyvern (D:5)
  A sleepcap (D:4)
  Robin (D:3)
  6 gnolls
  4 adders
  An ufetubus (D:4)
  3 dart slugs
  5 orcs
  5 endoplasms
  17 goblins
  10 hobgoblins
  4 jackals (D:3)
  4 quokkas
  7 ball pythons
  5 bats
  2 frilled lizards
  9 kobolds
  4 rats
89 creatures vanquished.

Notes
Turn   | Place    | Note
-------+----------+-------------------------------------------
     0 | D:1      | BenjaminTheWorst the Minotaur Berserker began the quest for
                  | the Orb.
     0 | D:1      | Reached XP level 1. HP: 19/19 MP: 0/0
   250 | D:1      | Reached XP level 2. HP: 27/27 MP: 1/1
   256 | D:1      | Reached skill level 4 in Axes
   289 | D:1      | Found Xerubi's General Store.
   505 | D:1      | Bought a potion of heal wounds for 55 gold pieces
   809 | D:2      | Reached XP level 3. HP: 25/33 MP: 2/2
  1013 | D:2      | Reached ** piety under Trog
  1106 | D:2      | Noticed Robin
  1176 | D:2      | Gained mutation: You are partially covered in iridescent
                  | scales. (AC +2) [potion of mutation]
  1176 | D:2      | Gained mutation: You are agile. (Dex +4, Str/Int -1)
                  | [potion of mutation]
  1176 | D:2      | Gained mutation: You have hidden genetic defects. [potion
                  | of mutation]
  1176 | D:2      | Gained mutation: You have a pair of large horns on your
                  | head. [potion of mutation]
  1277 | D:2      | Reached XP level 4. HP: 38/40 MP: 3/3
  1371 | D:2      | Gained mutation: Armour fits poorly on your strangely
                  | shaped body. [hidden defects]
  1459 | D:2      | Found a faded altar of an unknown god.
  1853 | D:3      | Found Ocubrux's General Store.
  1993 | D:3      | Gained mutation: Your magical capacity is low. (-10% MP)
                  | [hidden defects]
  1993 | D:3      | Lost mutation: You have hidden genetic defects. [hidden
                  | defects expressed]
  2243 | D:3      | Killed Robin
  2244 | D:3      | Reached skill level 5 in Axes
  2482 | D:3      | Reached XP level 5. HP: 31/47 MP: 3/3
  2690 | D:4      | Found a white marble altar of Elyvilon.
  2787 | D:4      | Reached *** piety under Trog
  3011 | D:5      | Entered Level 5 of the Dungeon
  3011 | D:5      | Noticed a wyvern
  3015 | D:5      | Killed a wyvern
  3016 | D:5      | Reached skill level 6 in Axes
  3016 | D:5      | Reached skill level 1 in Polearms
  3016 | D:5      | Reached XP level 6. HP: 53/53 MP: 4/4
  3028 | D:5      | HP: 2/53 [gnoll/+0 spear[a gnoll bouda] (4)]
  3029 | D:5      | Slain by a gnoll bouda

Illustrated notes

Levels and vault maps discovered:
D:1:      tarquinn_simple_flora_water_d, layout_basic, serial_shops,
          nicolae_shop_getting_attention
D:2:      layout_rooms, shapermc_ecumenical_altar_gd, serial_park_tiny_1,
          dreamdust_wishing_well, minivault_26, minmay_quantized, uniq_robin
D:3:      layout_loops_corners, serial_shops, shop, minmay_statues_item
D:4:      layout_rooms, kennysheep_little_box
D:5:      layout_rooms, serial_glass, glass_columns_a, glass_columns_b,
          glass_columns_b, glass_columns_c, due_unseen_surprise,
          item_on_display_a

Skill      XL: |  1  2  3  4  5 |
---------------+----------------+-----
Fighting       | 4 |  4.7
Axes           | 4 5 6 |  6.1
Armour         | 3 4 |  4.8
Dodging        | 3 |  3.4
Polearms       | 1 |  1.2
Stealth        | |  0.2

Action                     |  1- 3 |  4- 6 || total
---------------------------+-------+-------++-------
  Melee: Hand axe          |    92 |   155 ||   247
         Headbutt          |    10 |    47 ||    57
         Punch             |       |     2 ||     2
         Halberd           |       |    21 ||    21
  Throw: Stone             |       |     2 ||     2
 Invoke: Berserk           |       |     2 ||     2
    Use: Potion            |     1 |     4 ||     5
         Scroll            |       |     4 ||     4
 Armour: Ring mail         |    54 |    40 ||    94
  Dodge: Dodged            |    82 |   108 ||   190
